 Dungeon Crawl Stone Soup version 0.21.1-1-g345015f (webtiles) character file.

63 inc the Scratcher (level 3, 15/15 HPs)
             Began as a Felid Transmuter on Feb 24, 2018.
             Quit the game on level 5 of the Dungeon.
             The game lasted 00:08:11 (3049 turns).

inc the Scratcher (Felid Transmuter)                Turns: 3049, Time: 00:08:11

Health: 15/15      AC:  1    Str:  6    XL:     3   Next: 89%
Magic:  7/7        EV: 18    Int: 15    God:
Gold:   125        SH:  0    Dex: 16    Spells: 3/6 levels left
                                        Lives:  0   Deaths: 1

rFire    . . .     SeeInvis +     - Unarmed
rCold    . . .     Gourm    .   (shield unavailable)
rNeg     . . .     Faith    .   (armour unavailable)
rPois    .         Spirit   .   (helmet unavailable)
rElec    .         Reflect  .   (cloak unavailable)
rCorr    +         Harm     .   (gloves unavailable)
MR       .....                  (boots unavailable)
Stlth    ++........             (no amulet)
HPRegen  0.05/turn              n - ring of resist corrosion (curse)
MPRegen  0.10/turn              (no ring)

@: quick
A: very small, no armour, no weapons or thrown items, stealth, claws 1, fangs 3,
see invisible, carnivore, speed 1, shaggy fur 1, slow metabolism 1, sharp paws
a: no special abilities


You were on level 5 of the Dungeon.
You were not hungry.

You visited 1 branch of the dungeon, and saw 5 of its levels.

You collected 125 gold pieces.

Inventory:

Missiles
 a - 31 arrows
Jewellery
 n - a cursed ring of resist corrosion (left paw)
Scrolls
 d - 4 scrolls of teleportation
 e - 2 scrolls of enchant weapon {unknown}
 f - 2 scrolls of identify
 j - a scroll of blinking {unknown}
 k - a scroll of noise {unknown}
 l - a scroll of remove curse {unknown}
 m - a scroll of fear {unknown}
Potions
 h - a potion of degeneration
 i - 2 potions of agility
Books
 b - a book of Changes

   Spells                             Type                      Level
   a - Beastly Appendage              Transmutation                1
   b - Sticks to Snakes               Transmutation                2
   c - Spider Form                    Transmutation/Poison         3
   d - Ice Form                       Ice/Transmutation            4
   e - Blade Hands                    Transmutation                5
 g - a book of Minor Magic

   Spells                             Type                      Level
   a - Magic Dart                     Conjuration                  1
   b - Blink                          Translocation                2
   c - Call Imp                       Summoning                    2
   d - Slow                           Hexes                        2
   e - Conjure Flame                  Conjuration/Fire             3
   f - Mephitic Cloud                 Conjuration/Poison/Air       3
Comestibles
 c - 5 rations


   Skills:
 - Level 1.0 Fighting
 - Level 2.6 Dodging
 + Level 5.6 Unarmed Combat
 - Level 2.0 Spellcasting
 - Level 2.1 Transmutations


You had 3 spell levels left.
You knew the following spells:

 Your Spells              Type           Power        Failure   Level  Hunger
a - Beastly Appendage     Tmut           #.....       9%          1    #......
b - Sticks to Snakes      Tmut           #.......     14%         2    ###....


Dungeon Overview and Level Annotations

Branches:
Dungeon (4/15)
 Temple: D:4-7

Altars:
Qazlal
Sif Muna

Annotations:
D:2 2 transporters
D:5 Prince Ribbit


Innate Abilities, Weirdness & Mutations

You cannot wear armour.
You are incapable of wielding weapons or throwing items.
Your paws allow you to move quietly. (Stealth)
You have sharp claws.
You have razor-sharp teeth.
You have supernaturally acute eyesight. (SInv)
You are carnivorous and can eat meat at any time.
You cover ground quickly.
You are covered in fur. (AC +1)
You have a slow metabolism.
Your sharp claws are effective at attacking unaware monsters.


Message History

Confirm with . or Enter, or press ? or * to list all spells.
You create a snake!
You now have 31 arrows.
The orc priest hits your ball python with a hand axe.
Your ball python dies!
Your transformation is almost over.
An orc priest comes into view. It is wielding an antimagic trident.
The orc priest shouts!
You hear a shout!
You hear a croak.
Found a scroll labeled GIDERCHESOT and 11 gold pieces.
An orc wizard comes into view. It is wielding a dagger.
Found a stone staircase leading down.
Your horns disappear.
Found a ration.
The orc priest shouts!
The orc priest calls down the wrath of Beogh upon you.
Beogh smites you!
Ouch! That really hurt!
You die...
You are now level 3!
You rejoin the land of the living...
Are you sure you want to abandon this character and quit the game? (Confirm with "yes".)

#.#.
..#g
...#.
#.#.##.
###
#....).
..#
.....###
#.# ###o
###
#.##.#.#
# #..
#@.....#
#..#.#
####.###
#.....
##....
###.#
#.. ###
#


There were no monsters in sight!

Vanquished Creatures
  A scorpion (D:4)
  2 adders (D:3)
  An ooze (D:5)
  A dart slug (D:1)
  A leopard gecko (D:4)
  An orc (D:3)
  5 bats
  3 giant cockroaches
  5 hobgoblins
  4 jackals (D:1)
  2 ball pythons (D:3)
  4 frilled lizards
  10 goblins
  6 kobolds
  A rat (D:1)
47 creatures vanquished.

Vanquished Creatures (collateral kills)
  An adder (D:4)
  2 worms
  An orc (D:3)
  A frilled lizard (D:3)
  A rat (D:4)
6 creatures vanquished.

Grand Total: 53 creatures vanquished

Notes
Turn   | Place    | Note
-------+----------+-------------------------------------------
     0 | D:1      | inc the Felid Transmuter began the quest for the Orb.
     0 | D:1      | Reached XP level 1. HP: 9/9 MP: 4/4
   644 | D:1      | Reached XP level 2. HP: 10/12 MP: 6/6
  1009 | D:1      | Reached skill level 4 in Unarmed Combat
  1252 | D:1      | Reached XP level 3. HP: 13/15 MP: 7/7
  1943 | D:3      | Found a stormy altar of Qazlal.
  2175 | D:2      | Found a deep blue altar of Sif Muna.
  2178 | D:2      | Found a transporter.
  2186 | D:2      | Found a transporter.
  2191 | D:2      | Learned a level 2 spell: Sticks to Snakes
  2236 | D:2      | Reached XP level 4. HP: 19/19 MP: 3/8
  2443 | D:2      | Reached skill level 5 in Unarmed Combat
  2992 | D:4      | You fall through a shaft!
  2992 | D:5      | Entered Level 5 of the Dungeon
  3004 | D:5      | Noticed a phantom
  3006 | D:5      | Noticed Prince Ribbit
  3048 | D:5      | Killed from afar by an orc priest
  3049 | D:5      | Reached XP level 3. HP: -10/15 MP: 4/7
  3049 | D:5      | Quit the game

Skill      XL: |  1  2  3  4 |
---------------+-------------+-----
Unarmed Combat | 4 5 |  5.6
Fighting       | |  1.0
Dodging        | |  2.6
Spellcasting   | |  2.0
Transmutations | |  2.1

Action                   |  1- 3 |  4- 6 || total
-------------------------+-------+-------++-------
Melee: Unarmed           |   137 |    21 ||   158
       Bite              |     6 |     2 ||     8
       Punch             |     2 |       ||     2
       Headbutt          |     1 |     3 ||     4
 Cast: Beastly Appendage |     3 |     6 ||     9
       Sticks to Snakes  |     2 |    11 ||    13
  Use: Potion            |     1 |       ||     1
       Scroll            |       |     3 ||     3
 Stab: Sleeping          |     7 |       ||     7
  Eat: Chunk             |     2 |     3 ||     5
Armor: Skin              |    12 |       ||    12
Dodge: Dodged            |   140 |    24 ||   164
